Unix NetHack Version 5.0.0-0 post-release - last build May  4 2026 22:22:43 (774f63e81ad911689b3a0859ea89b322d5daca8d,branch:main).

Game began 2026-05-07 09:45:11, ended 2026-05-08 09:40:28.

2387990navi, chaotic male elven Ranger

                                          ---
                                         --.--
                                         |@G.-----
                                         --.*G<.)|
                                          ------..

2387990navi the Tenderfoot   St:18 Dx:9 Co:14 In:13 Wi:14 Ch:7  Chaotic
Dlvl:4  $:53 HP:0(16) Pw:6(6) AC:7  Xp:2 T:919  Satiated

Latest messages:
 A little goes a long way.
 You finish eating the lembas wafer.
 What do you want to eat? [fgjk or ?*] g
 Ugh.  Rotten egg.
 You are feeling mildly nauseated.
 You feel slightly confused.
 You can't seem to think straight.
 You feel incredibly sick.
 You are about to vomit.
 You feel a bit steadier now.
 You vomit!
 You feel less confused now.
 You can move again.
 Something is written here in the dust.
 You read: "?d ?e?ari?m".
 There is nothing here to pick up.
 The door opens.
 You kill the jackal!
 You see here 4 gold pieces.
 $ - 4 gold pieces (43 in total).
 You find a hidden door.
 The door resists!
 The door opens.
 You see here 10 gold pieces.
 $ - 10 gold pieces (53 in total).
 You could drink the water...
 You descend the stairs.
 You hear a chugging sound.
 The gnome shoots 3 crossbow bolts!
 The 1st crossbow bolt misses you.
 You are hit by the 2nd crossbow bolt!
 You are hit by the 3rd crossbow bolt.
 You hear rumbling in the distance.
 You hear rumbling in the distance.
 The gnome throws a dagger!
 The gnome is hit.
 The gnome wields a dagger!
 You hear rumbling in the distance.
 You miss the gnome.
 The gnome thrusts his dagger.
 The gnome hits!
 You hit the gnome!
 The gnome thrusts his dagger.
 The gnome hits!
 You die...
 Do you want your possessions identified? [ynq] (y) y
 Do you want to see your attributes? [ynq] (y) y
 Do you want an account of creatures vanquished? [ynaq] (y) y
 Do you want to see your conduct and achievements? [ynq] (y) y
 Do you want to see the dungeon overview? [ynq] (y) y

Inventory:
 Coins    ('$')
  $ - 53 gold pieces
 Weapons  (')')
  c - 51 +2 elven arrows (in quiver)
  d - 38 +0 elven arrows
  b - a +1 elven bow (alternate weapon; not wielded)
  a - a +1 elven dagger (weapon in right hand)
 Armor    ('[')
  e - an uncursed +2 elven cloak (being worn)
 Comestibles  ('%')
  k - 2 uncursed food rations
  f - 4 uncursed lembas wafers
  j - an uncursed tripe ration
  g - an uncursed egg
 Potions  ('!')
  h - a cursed potion of monster detection
  i - a cursed potion of restore ability
 Tools    ('(')
  l - an uncursed locked large box containing 3 items

Contents of the large box:
  2 blessed potions of healing
  3 uncursed potions of healing
  an uncursed worthless piece of yellowish brown glass

2387990navi the Ranger's attributes:

Background:
 You were a Tenderfoot, a level 2 male elven Ranger.
 You were chaotic, on a mission for Mars
 who was opposed by Mercury (lawful) and Venus (neutral).
 You were right-handed.
 You were in the Gnomish Mines, on level 4.
 You entered the dungeon 919 turns ago.
 You had 23 experience points, 17 more were needed to attain level 3.

Basics:
 You had 0 out of 16 hit points.
 You had all 6 energy points (spell power).
 Your armor class was 7.
 Your wallet contained 53 zorkmids.
 Autopickup was off.

Final Characteristics:
 Your strength was 18 (limit:18).
 Your dexterity was 9 (limit:18).
 Your constitution was 14 (limit:16).
 Your intelligence was 13 (limit:20).
 Your wisdom was 14 (limit:20).
 Your charisma was 7 (limit:18).

Final Status:
 You were satiated.
 You were unencumbered.
 You were wielding a dagger.
 You had basic skill with dagger.

Final Attributes:
 You were devoutly aligned.
 You had automatic searching.
 You had infravision.
 You were stealthy.
 You were warded.
 You are dead.

Miscellaneous:
 You didn't encounter any bones levels.
 Total elapsed playing time was 39 minutes and 58 seconds.

Major events:
 Turn
    1: 2387990navi the chaotic male elven Ranger entered the dungeon
  902: entered the Gnomish Mines
  919: killed by a gnome

You didn't know any spells.

Skills:
 Fighting Skills
   bare handed combat [Unskilled]
   riding             [Unskilled]
 Weapon Skills
   dagger             [Basic]
   knife              [Unskilled]
   axe                [Unskilled]
   pick-axe           [Unskilled]
   short sword        [Unskilled]
   morning star       [Unskilled]
   flail              [Unskilled]
   hammer             [Unskilled]
   quarterstaff       [Unskilled]
   polearms           [Unskilled]
   spear              [Unskilled]
   trident            [Unskilled]
   bow                [Basic]
   sling              [Unskilled]
   crossbow           [Unskilled]
   dart               [Unskilled]
   shuriken           [Unskilled]
   boomerang          [Unskilled]
   whip               [Unskilled]
 Spellcasting Skills
   healing spells     [Unskilled]
   divination spells  [Unskilled]
   escape spells      [Unskilled]

Voluntary challenges:
 Character rerolling was not enabled.
 You were vegetarian.
 You were an atheist.
 You were illiterate.
 You never genocided any monsters.
 You never polymorphed an object.
 You never changed form.
 You used no wishes.
Achievement:
 You entered the Gnomish Mines.

 The Dungeons of Doom: levels 1 to 3
    Level 1:
    Level 2:
       A fountain, some sinks.
    Level 3:
       A fountain.
       Stairs down to The Gnomish Mines.
 The Gnomish Mines:
    Level 4: <- You were here.
       Final resting place for
          you, killed by a gnome.


Vanquished creatures:
  2 gnome leaders
  2 jackals
  a kobold
  a goblin
  2 grid bugs
  4 lichens
  2 newts
14 creatures vanquished.

No species were genocided or became extinct.

Game over:
                       ----------
                      /          \
                     /    REST    \
                    /      IN      \
                   /     PEACE      \
                  /                  \
                  |   2387990navi    |
                  |      53 Au       |
                  |   killed by a    |
                  |      gnome       |
                  |                  |
                  |                  |
                  |       2026       |
                 *|     *  *  *      | *
        _________)/\\_//(\/(/\)/\//\/|_)_______

Goodbye 2387990navi the Ranger...

You died in The Gnomish Mines on dungeon level 4 with 290 points,
and 53 pieces of gold, after 919 moves.
You were level 2 with a maximum of 16 hit points when you died.

